 Dungeon Crawl Stone Soup version 0.31-a0-875-g02e7d12df6 (webtiles) character file.

Game seed: 15852529342858710651

57 Newt the Shooter (level 4, -4/30 HPs)
             Began as a Kobold Hunter on Oct 12, 2023.
             Slain by a goblin
             ... wielding a +0 dagger
             ... led by Robin
              (5 damage)
             ... on level 2 of the Dungeon.
             The game lasted 00:01:17 (647 turns).

Newt the Shooter (Kobold Hunter)                     Turns: 647, Time: 00:01:18

Health: -4/30      AC:  3    Str:  8    XL:     4   Next: 18%
Magic:  4/4        EV: 14    Int: 10    God:
Gold:   34         SH:  0    Dex: 20    Spells: 3/3 levels left

rFire   . . .        a - +1 shortbow
rCold   . . .        (shield currently unavailable)
rNeg    . . .        c - +0 leather armour
rPois   .            (no helmet)
rElec   .            (no cloak)
rCorr   .            (no gloves)
SInv    .            (no boots)
Will    +....        (no amulet)
Stlth   +++          (no ring)
HPRegen 0.25/turn    (no ring)
MPRegen 0.09/turn

%: no passive effects
@: brilliant, enlightened, flying
A: small, no large weapons, nightstalker 3
a: no special abilities


You were on level 2 of the Dungeon.
You visited 1 branch of the dungeon, and saw 2 of its levels.

You collected 34 gold pieces.

Inventory:

Hand Weapons
 a - a +1 shortbow (weapon)
Armour
 c - a +0 leather armour (worn)
Scrolls
 b - a scroll of butterflies
Potions
 d - 2 potions of brilliance


   Skills:
 + Level 4.5 Fighting
 - Level 5.3 Ranged Weapons
 - Level 2.4 Dodging
 - Level 1.3 Stealth


You had 3 spell levels left.
You didn't know any spells.
Your spell library contained the following spells:

 Spells                   Type           Power      Damage    Failure   Level
 Summon Small Mammal      Summ           0%         N/A       50%         1
 Call Canine Familiar     Summ           0%         N/A       86%         3
 Ozocubu's Armour         Ice            0%         N/A       86%         3
 Summon Guardian Golem    Hex/Summ       0%         N/A       86%         3
 Ozocubu's Refrigeration  Ice            0%         4d7       100%        7


Dungeon Overview and Level Annotations

Branches:
Dungeon (2/15)

Altars:

Annotations:
D:2 Robin


Innate Abilities, Weirdness & Mutations

You are small and have problems with some larger weapons.
You are completely attuned to the shadows.


Message History

The goblin barely misses you.
Unknown command.
Unknown command.
It was a potion of enlightenment.
You feel very buoyant.
You fly up into the air.
Robin hits you from afar with a +0 spear.
* * * LOW HITPOINT WARNING * * *
The goblin misses you. The goblin hits you with a +0 club.
* * * LOW HITPOINT WARNING * * *
The goblin barely misses you. The hobgoblin misses you.
The goblin closely misses you.
You feel much better. The goblin misses you.
Robin hits you from afar with a +0 spear.
The hobgoblin barely misses you. The goblin barely misses you.
The goblin hits you but does no damage. The goblin closely misses you.
You shoot an arrow. The arrow hits the goblin!
You kill the goblin!
The goblin barely misses you. The hobgoblin barely misses you.
The goblin hits you with a +0 dagger. The goblin hits you with a +0 club.
You shoot an arrow. The arrow closely misses the hobgoblin.
The arrow hits the goblin!
You kill the goblin!
The goblin barely misses you. The hobgoblin hits you.
The hobgoblin barely misses you. The goblin misses you.
The goblin hits you but does no damage.
You shoot an arrow. The arrow hits the hobgoblin!
You kill the hobgoblin!
Robin points. "Kill!"
Robin throws the goblin at you! The hobgoblin closely misses you.
The goblin completely misses you. The goblin hits you with a +0 club.
* * * LOW HITPOINT WARNING * * *
The goblin hits you with a +0 club.
* * * LOW HITPOINT WARNING * * *
The goblin completely misses you. The hobgoblin misses you.
Robin barely misses you. The goblin misses you.
You shoot an arrow. The arrow closely misses the goblin.
The arrow barely misses the goblin.
The goblin barely misses you. x2
The goblin hits you with a +0 dagger.
You die...

****** ,,,,,*
****,*************
* *,**,,,,......#
* *,**,,,,......#
****,**,,,,......#
,,,,,,+,,,>.....g#
****,**,,,,...ggg#
* *,**,,,,g..gg@#
****,**,,,,...ggg#
,,,*,**,,,,.....g#
,,**,***,,,.....##
,,,*,*,+,,,,....*
*,,,,*,*,,,,,,,,*
,*,***+*,<,,,,,,*
,*^*,,,,,,,,,****
,*,*,,,,,,,,,*


You could see Robin, 2 hobgoblins and 7 goblins.

Vanquished Creatures
  An adder (D:2)
  2 dart slugs (D:1)
  A bat (D:1)
  6 endoplasms (D:1)
  2 giant cockroaches (D:1)
  5 goblins
  7 hobgoblins
  2 jackals (D:1)
  2 quokkas
  2 ball pythons (D:1)
  3 frilled lizards
  4 kobolds (D:1)
  2 rats (D:1)
39 creatures vanquished.

Notes
Turn   | Place    | Note
-------+----------+-------------------------------------------
     0 | D:1      | Newt the Kobold Hunter began the quest for the Orb.
     0 | D:1      | Reached XP level 1. HP: 12/12 MP: 1/1
    39 | D:1      | Reached XP level 2. HP: 18/18 MP: 2/2
   128 | D:1      | Found a faded altar of an unknown god.
   217 | D:1      | Reached XP level 3. HP: 23/23 MP: 3/3
   629 | D:2      | Reached XP level 4. HP: 15/30 MP: 4/4
   638 | D:2      | Noticed Robin
   642 | D:2      | HP: 1/30 [goblin/+0 club[Robin] (2)]
   647 | D:2      | Slain by a goblin

Illustrated notes

Levels and vault maps discovered:
D:1:      dpeg_arrival_radiant, layout_rooms,
          dreamdust_ecumenical_altar_angels_and_demons
D:2:      layout_basic, uniq_robin, uniq_sigmund

Skill      XL: |  1  2  3 |
---------------+----------+-----
Fighting       | 3 4 |  4.5
Ranged Weapons | |  5.3
Dodging        | |  2.4
Stealth        | |  1.3

Action                     |  1- 3 |  4- 6 || total
---------------------------+-------+-------++-------
   Fire: Shortbow          |    84 |    12 ||    96
    Use: Scroll            |     4 |     1 ||     5
         Potion            |     2 |     2 ||     4
 Armour: Leather armour    |    33 |    23 ||    56
  Dodge: Dodged            |    38 |    35 ||    73

Table legend: (Time is in decaauts)
 A = Elapsed time spent in this place.
 B = Non-inter-level travel time spent in this place.
 C = Inter-level travel time spent in this place.
 D = Time resting spent in this place.
 E = Time spent auto-exploring this place.
 F = Levels seen in this place.
 G = Mean time per level.
                   A        B        C        D        E       F      G
               +--------+--------+--------+--------+--------+-----+--------+
         Total |    665 |    657 |      8 |      0 |    484 |   2 |  332.5 |
       Dungeon |    665 |    657 |      8 |      0 |    484 |   2 |  332.5 |
               +--------+--------+--------+--------+--------+-----+--------+

Top non-repeatable levels by time:
     D:1: 601 daAuts
     D:2: 64 daAuts
